 Dungeon Crawl Stone Soup version 0.30.0-29-ga12c61a403 (webtiles) character file.

Game seed: 5323645179731885578

2 ChadusMaximus the Caller (level 1, 0/13 HPs)
             Began as a Barachi Summoner on June 22, 2023.
             Slain by a rat (2 damage)
             ... on level 1 of the Dungeon.
             The game lasted 00:00:09 (156 turns).

ChadusMaximus the Caller (Barachi Summoner)          Turns: 156, Time: 00:00:10

Health: 0/13       AC:  2    Str:  9    XL:     1   Next: 40%
Magic:  1/3        EV: 12    Int: 15    God:
Gold:   13         SH:  0    Dex: 12    Spells: 3/4 levels left

rFire   . . .        (no weapon)
rCold   . . .        (no shield)
rNeg    . . .        a - +0 robe
rPois   .            (no helmet)
rElec   .            (no cloak)
rCorr   .            (no gloves)
SInv    .            (no boots)
Will    .....        (no amulet)
Stlth   ++           (no ring)
HPRegen 0.22/turn    (no ring)
MPRegen 0.08/turn

%: no passive effects
@: slow
A: amphibious, slowness 1, strong legs 1, +LOS
a: Hop


You were on level 1 of the Dungeon.
You visited 1 branch of the dungeon, and saw 1 of its levels.

You collected 13 gold pieces.

Inventory:

Armour
 a - a +0 robe (worn)
Potions
 b - a potion of magic
 c - 2 potions of heal wounds {unknown}


   Skills:
 + Level 2.2 Dodging
 + Level 1.8 Stealth
 + Level 2.2 Spellcasting
 + Level 4.8 Summonings


You had 3 spell levels left.
You knew the following spells:

 Your Spells              Type           Power      Damage    Failure   Level
a - Summon Small Mammal   Summ           64%        N/A       3%          1

Your spell library contained the following spells:

 Spells                   Type           Power      Damage    Failure   Level
 Call Imp                 Summ           32%        N/A       4%          2
 Call Canine Familiar     Summ           16%        N/A       9%          3
 Summon Guardian Golem    Hex/Summ       9%         N/A       24%         3
 Summon Lightning Spire   Summ/Air       9%         N/A       61%         4


Dungeon Overview and Level Annotations

Branches:
Dungeon (1/15)

Altars:


Innate Abilities, Weirdness & Mutations

You are amphibious.
You cover ground slowly.
You can hop short distances.
You have an extended range of vision and can be seen from far away.


Message History

There are monsters nearby!
The bat closely misses you.
Found 2 red potions.
The bat hits you but does no damage.
There are monsters nearby!
A rat comes into view.
The bat hits you but does no damage. The endoplasm barely misses you.
The bat misses you. The endoplasm closely misses you.
There are monsters nearby!
You hit the bat but do no damage. The bat closely misses you.
The endoplasm hits you.
There are monsters nearby!
You hit the rat but do no damage. The rat barely misses you.
The endoplasm hits you but does no damage.
There are monsters nearby!
You hit the rat.
The rat is heavily wounded.
The bat barely misses you. The rat bites you but does no damage.
The endoplasm barely misses you.
Unknown command.
You closely miss the rat. The rat bites you but does no damage.
The endoplasm freezes you.
You are frozen.
You hit the rat but do no damage. The bat hits you.
The rat completely misses you. The endoplasm hits you.
Casting: Summon Small Mammal (safe; 3% risk of failure)
Confirm with . or Enter, or press ? or * to list all spells.
The bat closely misses your rat. The bat barely misses your rat.
The bat hits your rat but does no damage.
The rat barely misses you. The endoplasm barely misses you.
The bat hits your rat but does no damage.
The bat barely misses your rat. x2; Your rat misses the bat.
The rat bites you.
* * * LOW HITPOINT WARNING * * *
The endoplasm hits you but does no damage.
Unknown command.
Casting: Summon Small Mammal (safe; 3% risk of failure)
Confirm with . or Enter, or press ? or * to list all spells.
The bat hits your rat.
The bat hits your rat but does no damage.
The bat hits your rat. The rat bites you.
You die...

.... #.#
########>########.#
...............†..#
#######.##########
#.# #.# #.# #.# #@#
#.....rJrr......
#.##....b.......
#............
#............
#............
#............
#..........!.
#............


You could see an endoplasm, a bat (ally target), a rat, a friendly quokka
(summoned) and a friendly rat (summoned).

Vanquished Creatures (collateral kills)
  A hobgoblin (D:1)
  A quokka (D:1)
2 creatures vanquished.

Notes
Turn   | Place    | Note
-------+----------+-------------------------------------------
     0 | D:1      | ChadusMaximus the Barachi Summoner began the quest for the
                  | Orb.
     0 | D:1      | Reached XP level 1. HP: 13/13 MP: 3/3
   156 | D:1      | Slain by a rat

Illustrated notes

Levels and vault maps discovered:
D:1:      lemuel_arrival_muddy, layout_basic, minmay_cut_off

Action                     || total
---------------------------++-------
  Melee: Unarmed           ||    11
   Cast: Summon Small Mamm ||     5
 Armour: Robe              ||     9
  Dodge: Dodged            ||    18
